 Dungeon Sprint DCSS version 0.20-a0-1101-g1de9d76 (webtiles) character file.

717 Mesmaeker13 the Fighter (level 7, -2/132 HPs)
             Began as an Ogre Hunter on May 4, 2017.
             Was a Follower of Trog.
             Slain by a ynoxinul (10 damage)
             ... summoned by a kobold demonologist
             ... in the Dungeon (Sprint I: "Red Sonja").
             The game lasted 00:01:56 (952 turns).

Mesmaeker13 the Fighter (Ogre Hunter)                Turns: 952, Time: 00:01:57

Health: -2/132     AC:  3    Str: 24      XL:     7   Next: 70%
Magic:  0/7        EV: 12    Int: 12      God:    Trog [*.....]
Gold:   405        SH:  0    Dex:  8 (9)  Spells: 6/6 levels left

rFire    . . .     SeeInvis .   l - -3 giant club (curse)
rCold    . . .     Gourm    .   (shield currently unavailable)
rNeg     . . .     Faith    .   b - +0 robe
rPois    .         Spirit   .   (helmet restricted)
rElec    .         Reflect  .   (no cloak)
rCorr    .         Harm     .   (gloves unavailable)
MR       .....     NoTele   +   (boots unavailable)
Stlth    ..........             (no amulet)
Regen    0.4/turn               (no ring)
MPRegen  0.1/turn               (no ring)

@: berserking (expiring), very quick
A: unfitting armour, tough skin 1
a: Berserk, Burn Spellbooks, Renounce Religion


You were in the Dungeon.
You worshipped Trog.
Trog was aware of your devotion.
You were near starving.

You visited 1 branch You collected 405 gold pieces.

Inventory:

Hand Weapons
 l - a cursed -3 giant club (weapon)
Missiles
 c - 5 large rocks (quivered)
Armour
 b - a +0 robe (worn)
Scrolls
 k - a scroll of blinking
Potions
 e - a potion of curing
 g - a potion of heal wounds
 i - 2 potions of magic
Comestibles
 f - a bread ration


   Skills:
 + Level 11.3 Fighting
 + Level 6.1 Maces & Flails
 + Level 9.5 Throwing
 + Level 8.1 Dodging
 - Level 0.6 Stealth


You had 6 spell levels left.
You didn't know any spells.

Dungeon Overview and Level Annotations

Branches:
Dungeon (1/1)

Altars:
Cheibriados
Dithmenos
Elyvilon
Fedhas
Gozag
Hepliaklqana
Kikubaaqudgha
Makhleb
Nemelex Xobeh
Okawaru
Qazlal
Ru
Sif Muna
Trog
Uskayaw
Vehumet
Wu Jian
Xom
Yredelemnul
Zin
The Shining One
Jiyva
Lugonu

Shops:
D [


Innate Abilities, Weirdness & Mutations

You are too large for most types of armour.
You have tough skin. (AC +1)


Message History

The kobold demonologist hits you with a dagger.
The orange demon misses you.
The quasit bites you but does no damage.
The quasit closely misses you. The quasit claws you.
The red devil hits you from afar with an antimagic demon trident!!
The ynoxinul hits you but does no damage.
The kobold demonologist hits you with a dagger.
* * * LOW HITPOINT WARNING * * *
You barely miss the kobold demonologist.
The kobold demonologist is moderately wounded.
The red devil hits you from afar with a trident!!
* * * LOW HITPOINT WARNING * * *
The quasit barely misses you. The quasit closely misses you.
The quasit claws you but does no damage.
The kobold demonologist hits you with a dagger.
* * * LOW HITPOINT WARNING * * *
The orange demon stings you from afar.
* * * LOW HITPOINT WARNING * * *
The ynoxinul hits you!
You die...

#####################
.'..#..'..#__#45@K..#
.#).').#..'..55K#3..#
###'#####'#__####44.+
##..#...#.#### ####
_####..##(#
____##'#_.+
.∩...'..._#
..__##_.#+# ____###+#


You could see an orange demon, 2 kobold demonologists, a ynoxinul, 2 red devils,
a quasit, a crimson imp and a white imp.

Vanquished Creatures
  A slime creature (D)
  Sigmund (D)
  A yak (D)
  A floating eye (D)
  An ogre (D)
  A jelly (D)
  Ijyb (D)
7 creatures vanquished.

Vanquished Creatures (others)
  A gargoyle (D)
1 creature vanquished.

Grand Total: 8 creatures vanquished

Notes
Turn   | Place    | Note
-------+----------+-------------------------------------------
     0 | D        | Mesmaeker13 the Ogre Hunter began the quest for the Orb.
     0 | D        | Reached XP level 1. HP: 22/22 MP: 1/1
     1 | D        | Noticed Ijyb
    24 | D        | Killed Ijyb
    24 | D        | Reached skill level 5 in Fighting
    24 | D        | Reached skill level 5 in Throwing
    24 | D        | Reached XP level 2. HP: 4/35 MP: 2/2
    24 | D        | Reached XP level 3. HP: 5/42 MP: 3/3
   285 | D        | Noticed an ogre
   289 | D        | Killed an ogre
   289 | D        | Reached skill level 7 in Fighting
   289 | D        | Reached skill level 5 in Dodging
   289 | D        | Reached XP level 4. HP: 23/55 MP: 4/4
   474 | D        | Noticed Sigmund
   487 | D        | Killed Sigmund
   487 | D        | Reached skill level 9 in Fighting
   487 | D        | Reached XP level 5. HP: 54/67 MP: 5/5
   487 | D        | Reached XP level 6. HP: 60/75 MP: 6/6
   640 | D        | Found a deep blue altar of Sif Muna.
   641 | D        | Found an ornate altar of the Wu Jian Council.
   642 | D        | Found a radiant altar of Vehumet.
   651 | D        | Found Migyish's Antique Armour Emporium.
   651 | D        | Found an ancient bone altar of Kikubaaqudgha.
   651 | D        | Found a hazy altar of Hepliaklqana.
   651 | D        | Found a stormy altar of Qazlal.
   651 | D        | Found a hide-covered altar of Uskayaw.
   651 | D        | Found a blossoming altar of Fedhas.
   651 | D        | Found a bloodstained altar of Trog.
   651 | D        | Found an iron altar of Okawaru.
   651 | D        | Found a basalt altar of Yredelemnul.
   651 | D        | Found a glowing golden altar of the Shining One.
   651 | D        | Found a snail-covered altar of Cheibriados.
   651 | D        | Found a sacrificial altar of Ru.
   651 | D        | Found a glowing silver altar of Zin.
   651 | D        | Found a shadowy altar of Dithmenos.
   651 | D        | Found a white marble altar of Elyvilon.
   651 | D        | Noticed a yak
   660 | D        | Killed a yak
   660 | D        | Reached skill level 10 in Fighting
   660 | D        | Reached skill level 5 in Maces & Flails
   660 | D        | Reached XP level 7. HP: 47/87 MP: 7/7
   661 | D        | Found an opulent altar of Gozag.
   662 | D        | Found a sparkling altar of Nemelex Xobeh.
   669 | D        | Became a worshipper of Trog the Wrathful
   677 | D        | Killed a gargoyle
   694 | D        | Reached * piety under Trog
   835 | D        | Found a burning altar of Makhleb.
   835 | D        | Found a viscous altar of Jiyva.
   835 | D        | Found a shimmering altar of Xom.
   835 | D        | Found a corrupted altar of Lugonu.
   835 | D        | Noticed a slime creature
   840 | D        | Killed a slime creature
   840 | D        | Reached skill level 11 in Fighting
   941 | D        | Noticed a kobold demonologist
   942 | D        | Noticed a kobold demonologist
   943 | D        | Noticed a red devil
   947 | D        | Noticed a red devil
   948 | D        | Noticed a ynoxinul
   949 | D        | Noticed an orange demon
   952 | D        | Slain by a ynoxinul

Vault maps used:
D:        dungeon_sprint_1

Skill      XL: |  1  2  3  4  5  6  7 |
---------------+----------------------+-----
Fighting       | 5 7 9 10 11 | 11.3
Throwing       | 5 6 7 8 9 |  9.5
Dodging        | 3 5 6 7 8 |  8.1
Maces & Flails | 3 5 6 |  6.1
Stealth        | |  0.6

Action                   |  1- 3 |  4- 6 |  7- 9 || total
-------------------------+-------+-------+-------++-------
Melee: Short sword       |    16 |       |       ||    16
       Giant club        |       |    17 |    12 ||    29
Throw: Large rock        |     9 |     5 |       ||    14
       Throwing net      |     2 |       |       ||     2
Invok: Berserk           |       |       |     2 ||     2
       Burn Spellbooks   |       |       |     1 ||     1
  Use: Potion            |       |     2 |       ||     2
 Stab: Held in net/web   |     1 |       |       ||     1
Armor: Robe              |     3 |       |     8 ||    11
Dodge: Dodged            |     6 |    11 |    13 ||    30
